 Dungeon Crawl Stone Soup version 0.31-a0-1581-g41d5ff3e7b (webtiles) character file.

Game seed: 4541958038477220065

655 Gargoyl the Chopper (level 7, -2/44 HPs)
             Began as a Gargoyle Berserker on Jan 5, 2024.
             Was a Priest of Trog.
             Slain by Prince Ribbit (13 damage)
             ... on level 5 of the Dungeon.
             The game lasted 00:04:12 (3366 turns).

Gargoyl the Chopper (Gargoyle Berserker)            Turns: 3366, Time: 00:04:12

Health: -2/44      AC: 17    Str: 20    XL:     7   Next: 54%
Magic:  7/7        EV:  9    Int:  8    God:    Trog [***...]
Gold:   199        SH:  7    Dex: 11    Spells: 6/6 levels left

rFire   . . .        w - +0 war axe (freeze)
rCold   . . .        g - +0 kite shield
rNeg    + . .        i - +0 scale mail
rPois   ∞            q - +0 helmet
rElec   +            (no cloak)
rCorr   .            d - +2 pair of gloves
SInv    .            h - +0 pair of boots
Will    ++...        (no amulet) Stlth
                     (no ring)
HPRegen 1.27/turn    (no ring)
MPRegen 0.10/turn

%: no passive effects
@: strong-willed (expiring), on berserk cooldown, regenerating (expiring),
slowed, very slow
A: sickness immunity, AC +4, negative energy resistance 1, electricity
resistance, torment resistance 1, petrification resistance
a: Renounce Religion, Berserk, Trog's Hand


You were on level 5 of the Dungeon.
You worshipped Trog.
Trog was most pleased with you.
You visited 1 branch of the dungeon, and saw 5 of its levels.

You collected 199 gold pieces.

Inventory:

Hand Weapons
 a - a +0 hand axe
 p - a +1 hand axe of flaming
 w - a +0 war axe of freezing (weapon)
Missiles
 l - 14 poisoned darts (quivered)
Armour
 d - a +2 pair of gloves (worn)
 g - a +0 kite shield (worn)
 h - a +0 pair of boots (worn)
 i - a +0 scale mail (worn)
 q - a +0 helmet (worn)
Wands
 m - a wand of charming (2)
 C - a wand of polymorph (2)
 D - a wand of flame (21)
Scrolls
 e - a scroll of fear {unknown}
 k - 2 scrolls of teleportation
 r - a scroll of vulnerability
 s - 2 scrolls of revelation
 y - a scroll of torment {unknown}
 z - 2 scrolls of identify {unknown}
 A - a scroll of silence {unknown}
 E - a scroll of immolation
Potions
 b - a potion of resistance {unknown}
 c - 2 potions of brilliance {unknown}
 f - a potion of degeneration {unknown}
 j - a potion of cancellation {unknown}
 n - a potion of enlightenment {unknown}
 o - a potion of might {unknown}
 t - 2 potions of magic {unknown}
 u - a potion of attraction {unknown}
 v - a potion of haste {unknown}
 x - a potion of ambrosia {unknown}
 B - 2 potions of curing {unknown}


   Skills:
 + Level 4.9 Fighting
 + Level 5.8 Axes
 + Level 4.1 Armour
 + Level 2.2 Dodging
 + Level 1.0 Stealth
 + Level 1.8 Shields


You had 6 spell levels left.
You didn't know any spells.
Your spell library was empty.

Dungeon Overview and Level Annotations

Branches:
Dungeon (5/15)
 Temple: D:4-7

Altars:
Uskayaw

Annotations:
D:5 Prince Ribbit


Innate Abilities, Weirdness & Mutations

You are immune to sickness and miasma.
Your stone body is resilient. (AC +4)
You are immune to poison.
You resist negative energy. (rN+)
You are resistant to electric shocks. (rElec)
You are resistant to unholy torment.
You are immune to petrification.


Message History

Prince Ribbit is severely wounded.
You closely miss the orc.
Prince Ribbit hits you but does no damage.
The orc hits you but does no damage.
You closely miss Prince Ribbit.
Prince Ribbit is severely wounded.
You barely miss the orc.
Prince Ribbit is no longer moving slowly.
Prince Ribbit lets out a mournful croak.
Prince Ribbit blinks!
The orc completely misses you.
You slash the orc! You freeze the orc.
You kill the orc!
Trog accepts your kill.
Prince Ribbit says, "You're just another fly to me."
Prince Ribbit blinks!
You feel a strong urge to attack something.
You are no longer berserk.
You are exhausted.
You feel yourself slow down.
Your skin crawls.
You feel strong-willed.
Prince Ribbit blinks!
Prince Ribbit lets out a mournful croak.
Prince Ribbit barely misses you.
You closely miss Prince Ribbit.
Prince Ribbit is severely wounded.
Prince Ribbit hits you! Prince Ribbit barely misses you.
Prince Ribbit hits you!
You miss Prince Ribbit.
Prince Ribbit is severely wounded.
Prince Ribbit hits you.
Prince Ribbit hits you but does no damage. x2
You hit Prince Ribbit.
Prince Ribbit seems to slow down.
You freeze Prince Ribbit.
Prince Ribbit is severely wounded.
You feel the effects of Trog's Hand fading.
Prince Ribbit hits you!
* * * LOW HITPOINT WARNING * * *
Prince Ribbit hits you!
You die...

#############
#.....#.......... #
#.##....######### #
#.##....####### ####
#######.####.)......#
...#
#........###..##....###
...#
#......................
...#
#.........##.........##
...#
#...............#.....#
...#
#.....@F........#####..
#### #...............#
##. # #...............#
#. # #......)..###.###
#. # #.........###.# ##
# ##............# # #
#....#.#.##### #
#.####.#.# # #. #$#..


You could see Prince Ribbit (slow).

Vanquished Creatures
  An ogre (D:5)
  A scorpion (D:5)
  A bombardier beetle (D:5)
  3 hounds
  3 orc priests
  An iguana (D:5)
  Ijyb (D:5)
  2 orc wizards
  7 gnolls
  5 adders
  2 dart slugs
  11 orcs
  7 endoplasms
  3 giant cockroaches
  9 goblins
  4 hobgoblins
  2 jackals (D:1)
  5 kobolds
  A quokka (D:3)
  5 ball pythons
  8 bats
  4 frilled lizards
  4 rats
90 creatures vanquished.

Notes
Turn   | Place    | Note
-------+----------+-------------------------------------------
     0 | D:1      | Gargoyl the Gargoyle Berserker began the quest for the Orb.
     0 | D:1      | Reached XP level 1. HP: 14/14 MP: 1/1
    97 | D:1      | Reached XP level 2. HP: 18/20 MP: 2/2
   225 | D:1      | Reached skill level 3 in Axes
   427 | D:1      | Reached XP level 3. HP: 24/24 MP: 3/3
   854 | D:2      | Reached ** piety under Trog
   855 | D:2      | Reached XP level 4. HP: 28/29 MP: 4/4
  1146 | D:3      | Found a faded altar of an unknown god.
  1209 | D:3      | Reached skill level 4 in Axes
  1281 | D:3      | Reached XP level 5. HP: 30/33 MP: 5/5
  1349 | D:3      | Found a hide-covered altar of Uskayaw.
  2044 | D:4      | Reached XP level 6. HP: 26/38 MP: 6/6
  2202 | D:4      | Reached skill level 5 in Axes
  2401 | D:4      | Reached *** piety under Trog
  2465 | D:4      | Reached skill level 1 in Stealth
  2465 | D:4      | Reached skill level 1 in Shields
  2814 | D:5      | Entered Level 5 of the Dungeon
  2934 | D:5      | Reached XP level 7. HP: 44/44 MP: 7/7
  3255 | D:5      | Noticed Ijyb
  3265 | D:5      | Killed Ijyb
  3346 | D:5      | Noticed Prince Ribbit
  3366 | D:5      | Slain by Prince Ribbit

Illustrated notes

Levels and vault maps discovered:
D:1:      grunt_arrival_lava_bath, layout_rooms
D:2:      layout_basic
D:3:      layout_loops_ring, mainiacjoe_overflow_paths,
          nicolae_ecumenical_pavilion, grunt_decor_one_mirror
D:4:      layout_basic
D:5:      layout_basic, uniq_ijyb, uniq_prince_ribbit1

Skill      XL: |  1  2  3  4  5  6  7 |
---------------+----------------------+-----
Axes           | 3 4 5 |  5.8
Fighting       | 4 |  4.9
Dodging        | 2 |  2.2
Armour         | 3 4 |  4.1
Stealth        | 1 |  1.0
Shields        | 1 |  1.8

Action                     |  1- 3 |  4- 6 |  7- 9 || total
---------------------------+-------+-------+-------++-------
  Melee: Hand axe          |   101 |    84 |       ||   185
         Punch             |     1 |       |       ||     1
         War axe           |       |    60 |    32 ||    92
 Invoke: Berserk           |     1 |     2 |     2 ||     5
         Trog's Hand       |       |       |     1 ||     1
    Use: Scroll            |     1 |     7 |       ||     8
   Stab: Distracted        |     1 |       |       ||     1
 Armour: Animal skin       |    37 |       |       ||    37
         Scale mail        |    39 |   110 |    30 ||   179
  Dodge: Dodged            |    70 |    65 |     8 ||   143
  Block: Kite shield       |    24 |    49 |     5 ||    78

Table legend: (Time is in decaauts)
 A = Elapsed time spent in this place.
 B = Non-inter-level travel time spent in this place.
 C = Inter-level travel time spent in this place.
 D = Time resting spent in this place.
 E = Time spent auto-exploring this place.
 F = Levels seen in this place.
 G = Mean time per level.
                   A        B        C        D        E       F      G
               +--------+--------+--------+--------+--------+-----+--------+
         Total |   3471 |   3420 |     51 |     69 |   2393 |   5 |  694.2 |
       Dungeon |   3471 |   3420 |     51 |     69 |   2393 |   5 |  694.2 |
               +--------+--------+--------+--------+--------+-----+--------+

Top non-repeatable levels by time:
     D:4: 874 daAuts
     D:3: 838 daAuts
     D:1: 637 daAuts
     D:5: 574 daAuts
     D:2: 547 daAuts
